 Dungeon Crawl Stone Soup version 0.32-a0-909-gc671339a80 (webtiles) character file.

Game seed: 7177766183756671122

725 Griffin23 the Slasher (level 7, -2/62 HPs)
             Began as a Minotaur Fighter on Apr 6, 2024.
             Was a Follower of Nemelex Xobeh.
             Slain by a gnoll
             ... wielding a +0 spear
             ... led by a gnoll sergeant
              (7 damage)
             ... on level 5 of the Dungeon.
             The game lasted 00:04:49 (4222 turns).

Griffin23 the Slasher (Minotaur Fighter)            Turns: 4222, Time: 00:04:50

Health: -2/62      AC: 13    Str: 23    XL:     7   Next: 43%
Magic:  6/6        EV:  5    Int:  5    God:    Nemelex Xobeh [*.....]
Gold:   244        SH:  4    Dex:  9    Spells: 6/6 levels left

rFire   . . .        a - +0 long sword
rCold   . . .        c - +0 buckler
rNeg    . . .        o - +0 plate armour
rPois   .            (helmet restricted)
rElec   .            (no cloak)
rCorr   .            y - +0 pair of gloves
SInv    +            (no boots)
Will    .....        (no amulet) Stlth
                     i - ring of see invisible
HPRegen 0.30/turn    (no ring)
MPRegen 0.10/turn

%: no passive effects
@: attractive
A: horns 2, retaliatory headbutt
a: Renounce Religion, Draw Escape, Draw Destruction, Draw Summoning


You were on level 5 of the Dungeon.
You worshipped Nemelex Xobeh.
Nemelex Xobeh was aware of your devotion.
You visited 1 branch of the dungeon, and saw 5 of its levels.

You collected 244 gold pieces.

Inventory:

Hand Weapons
 a - a +0 long sword (weapon)
Missiles
 s - a boomerang (quivered)
Armour
 b - a +0 scale mail
 c - a +0 buckler (worn)
 o - a +0 plate armour (worn)
 y - a +0 pair of gloves (worn)
Jewellery
 i - a ring of see invisible (left hand)
Wands
 w - a wand of quicksilver (5)
 x - a wand of mindburst (14)
Scrolls
 f - 2 scrolls of immolation {unknown}
 j - a scroll of enchant armour {unknown}
 k - a scroll of fear {unknown}
 l - 2 scrolls of silence {unknown}
 m - a scroll of fog {unknown}
 n - a scroll of revelation {unknown}
 q - a scroll of teleportation {unknown}
 t - a scroll of enchant weapon {unknown}
 u - 3 scrolls of identify {unknown}
Potions
 d - a potion of might
 e - a potion of attraction
 g - a potion of curing {unknown}
 h - a potion of lignification {unknown}
 p - a potion of haste {unknown}
 r - a potion of resistance {unknown}
 v - a potion of brilliance {unknown}
 z - a potion of degeneration {unknown}


   Skills:
 + Level 5.8 Fighting
 * Level 6.5 Long Blades
 + Level 5.7 Armour
 + Level 5.6 Shields


You had 6 spell levels left.
You didn't know any spells.
Your spell library contained the following spells:

 Spells                   Type           Power      Damage    Failure   Level
 Freeze                   Ice            0%         1d3       100%        1
 Magic Dart               Conj           0%         1d3       100%        1
 Blink                    Tloc           0%         N/A       100%        2
 Call Imp                 Summ           0%         N/A       100%        2
 Mercury Vapours          Alch/Air       0%         N/A       100%        2
 Frozen Ramparts          Ice            0%         1d1       100%        3
 Hailstorm                Conj/Ice       0%         3d5       100%        3
 Mephitic Cloud           Conj/Alch/Air  0%         N/A       100%        3
 Summon Ice Beast         Ice/Summ       0%         N/A       100%        3
 Freezing Cloud           Conj/Ice/Air   0%         6-21      100%        5
 Permafrost Eruption      Ice/Erth       0%         2x4d1     100%        6
 Sculpt Simulacrum        Ice/Alch       0%         N/A       100%        6


Dungeon Overview and Level Annotations

Branches:
Dungeon (5/15)
 Temple: D:4-7

Altars:
Nemelex Xobeh
Qazlal
Wu Jian


Innate Abilities, Weirdness & Mutations

You have a pair of horns on your head.
You reflexively headbutt those who attack you in melee.


Message History

The gnoll hits you but does no damage. You block the gnoll sergeant's attack.
The gnoll sergeant blocks your attack.
The gnoll sergeant is heavily wounded.
The gnoll hits you but does no damage.
The gnoll sergeant hits you with a +0 trident.
You hit the gnoll sergeant.
The gnoll sergeant is heavily wounded.
The gnoll hits you with a +0 spear.
* * * LOW HITPOINT WARNING * * *
The gnoll sergeant hits you but does no damage.
You barely miss the gnoll sergeant. The gnoll sergeant blocks your attack.
The gnoll sergeant is heavily wounded.
You block the gnoll sergeant's attack. You block the gnoll's attack.
You hit the gnoll sergeant.
The gnoll sergeant is severely wounded.
The gnoll hits you with a +0 spear.
* * * LOW HITPOINT WARNING * * *
You block the gnoll sergeant's attack.
You hit the gnoll sergeant but do no damage.
Your headbutt misses the gnoll sergeant.
The gnoll sergeant is severely wounded.
The gnoll hits you but does no damage.
The gnoll sergeant hits you with a +0 trident.
* * * LOW HITPOINT WARNING * * *
You hit the gnoll sergeant.
The gnoll sergeant is severely wounded.
The gnoll hits you but does no damage.
The gnoll sergeant hits you with a +0 trident.
* * * LOW HITPOINT WARNING * * *
You hit the gnoll sergeant but do no damage.
The gnoll sergeant is severely wounded.
The gnoll barely misses you.
The gnoll sergeant hits you with a +0 trident!
* * * LOW HITPOINT WARNING * * *
It was a potion of attraction.
You feel attractive to monsters.
The gnoll sergeant hits you but does no damage.
The gnoll hits you with a +0 spear!
You die...
Your body glows slightly and disappears.

.. .# .# #.# #.#.#
#.#..?. ....# ..#....
#.#.# ...?.
#.#.######.$#
#.#.#...W...#
##.#.#.###§###
##..<.#.#.....#
#.g@..#.#...).#
#.g...#.......... .
......#...#.....#!....
####.#.#...#...|.#ß...ß
...#.#...###.### #.##
#####.##)...?...#.....
#.####.####.#.⌠.⌠.
####.####.# ##....⌠..
#.......#.###..#.⌠.⌠.


You could see a gnoll sergeant and a gnoll.

Vanquished Creatures
  A black bear (D:5)
  3 phantoms
  2 hounds (D:4)
  A jelly (D:4)
  Jessica (D:3)
  2 iguanas
  An orc wizard (D:3)
  8 gnolls (D:4)
  5 adders
  A white imp (D:5)
  2 dart slugs
  A ribbon worm (D:3)
  11 orcs
  7 ball pythons
  3 bats (D:1)
  7 endoplasms
  6 giant cockroaches
  2 goblins
  7 hobgoblins
  3 jackals (D:3)
  6 kobolds
  2 quokkas
  8 frilled lizards
  A rat (D:2)
91 creatures vanquished.

Notes
Turn   | Place    | Note
-------+----------+-------------------------------------------
     0 | D:1      | Griffin23 the Minotaur Fighter began the quest for the Orb.
     0 | D:1      | Reached XP level 1. HP: 19/19 MP: 0/0
   359 | D:1      | Reached XP level 2. HP: 27/27 MP: 1/1
   616 | D:1      | You fall into a shaft and drop 1 floor!
   808 | D:1      | Reached skill level 3 in Long Blades
  1221 | D:2      | Reached XP level 3. HP: 33/33 MP: 2/2
  1408 | D:2      | Found a stormy altar of Qazlal.
  2031 | D:3      | Reached XP level 4. HP: 35/40 MP: 3/3
  2116 | D:3      | Reached skill level 4 in Long Blades
  2117 | D:3      | Noticed Jessica
  2123 | D:3      | Killed Jessica
  2124 | D:3      | Reached XP level 5. HP: 18/47 MP: 4/4
  2237 | D:3      | Found a faded altar of an unknown god.
  2876 | D:4      | Found a sparkling altar of Nemelex Xobeh.
  2921 | D:4      | Became a worshipper of Nemelex Xobeh the Trickster
  3004 | D:4      | Reached skill level 5 in Long Blades
  3178 | D:4      | Reached skill level 5 in Fighting
  3178 | D:4      | Reached XP level 6. HP: 54/56 MP: 5/5
  3288 | D:4      | Reached skill level 5 in Armour
  3525 | D:4      | Reached * piety under Nemelex Xobeh
  3624 | D:4      | Reached skill level 5 in Shields
  3867 | D:5      | Entered Level 5 of the Dungeon
  3883 | D:5      | Found an ornate altar of the Wu Jian Council.
  4056 | D:5      | Reached skill level 6 in Long Blades
  4056 | D:5      | Reached XP level 7. HP: 48/61 MP: 6/6
  4222 | D:5      | Slain by a gnoll

Illustrated notes

Levels and vault maps discovered:
D:1:      noname_arrival_rooms_in_the_neighbourhood, layout_loops_corners,
          dk_noncrumbling_3, nrook_loot_triangle
D:2:      layout_basic, basic_altar, kennysheep_donut
D:3:      layout_rooms, basic_ecumenical_altar,
          minmay_fractal_squares_diagonal_5, uniq_jessica
D:4:      layout_loops_ring, lemuel_tele_altar, small_statue_intersection,
          chequers_serial_rivers_large_a, cheibrodos_gnoll_hut
D:5:      layout_loops_ring, nicolae_wu_jian_wuxing_cycle,
          minmay_chambers_of_fives

Skill      XL: |  1  2  3  4  5  6 |
---------------+-------------------+-----
Fighting       | 4 5 |  5.8
Long Blades    | 3 4 5 6 |  6.5
Armour         | 4 5 |  5.7
Shields        | 4 5 |  5.6

Action                     |  1- 3 |  4- 6 |  7- 9 || total
---------------------------+-------+-------+-------++-------
  Melee: Long sword        |    75 |   191 |    49 ||   315
         Headbutt          |     9 |    21 |     8 ||    38
    Use: Potion            |       |       |     1 ||     1
 Armour: Scale mail        |    41 |       |       ||    41
         Plate armour      |    18 |   242 |    82 ||   342
  Dodge: Dodged            |    23 |    53 |    16 ||    92
  Block: Buckler           |    17 |    60 |    29 ||   106

Table legend: (Time is in decaauts)
 A = Elapsed time spent in this place.
 B = Non-inter-level travel time spent in this place.
 C = Inter-level travel time spent in this place.
 D = Time resting spent in this place.
 E = Time spent auto-exploring this place.
 F = Levels seen in this place.
 G = Mean time per level.
                   A        B        C        D        E       F      G
               +--------+--------+--------+--------+--------+-----+--------+
         Total |   4299 |   4093 |    206 |    102 |   3250 |   5 |  859.8 |
       Dungeon |   4299 |   4093 |    206 |    102 |   3250 |   5 |  859.8 |
               +--------+--------+--------+--------+--------+-----+--------+

Top non-repeatable levels by time:
     D:4: 1173 daAuts
     D:2: 1085 daAuts
     D:1: 922 daAuts
     D:3: 880 daAuts
     D:5: 236 daAuts
